 Dungeon Crawl Stone Soup version 0.22.0-16-gc6d26f6 (webtiles) character file.

1177 HaroldButt the Arsonist (level 8, -2/41 HPs)
             Began as a Deep Elf Fire Elementalist on Aug 17, 2018.
             Shot with an arrow by a centaur (10 damage)
             ... on level 6 of the Dungeon.
             The game lasted 00:28:57 (4600 turns).

HaroldButt the Arsonist (DEFE)                      Turns: 4600, Time: 00:28:57

Health: -2/41      AC:  7    Str:  7    XL:     8   Next: 18%
Magic:  10/14      EV: 13    Int: 21    God:
Gold:   274        SH:  0    Dex: 15    Spells: 3/13 levels left

rFire    . . .     SeeInvis .   q - +2 quarterstaff (chaos)
rCold    . . .     Gourm    .   (shield currently unavailable)
rNeg     . . .     Faith    .   a - +0 robe
rPois    .         Spirit   .   s - +0 helmet
rElec    .         Reflect  .   n - +2 cloak {MR+}
rCorr    .         Harm     .   k - +0 pair of gloves
MR       +....                  (no boots)
Stlth    ++........             h - amulet of magic regeneration
HPRegen  0.13/turn              (no ring)
MPRegen  0.39/turn              (no ring)

@: no status effects
A: no striking features
a: no special abilities


You were on level 6 of the Dungeon.
You were not hungry.

You visited 1 branch of the dungeon, and saw 6 of its levels.

You collected 274 gold pieces.


   Skills:
 - Level 2.4 Dodging
 - Level 2.4 Stealth
 - Level 3.0 Spellcasting
 + Level 7.7 Conjurations
 - Level 8.1 Fire Magic


You had 3 spell levels left.
You knew the following spells:

 Your Spells              Type           Power        Failure   Level  Hunger
c - Sticky Flame          Conj/Fire      #####...     4%          4    ####...
x - Throw Flame           Conj/Fire      #####.       1%          2    ##.....
z - Flame Tongue          Conj/Fire      #####        1%          1    None
Z - Conjure Flame         Conj/Fire      #####...     1%          3    ###....

Your spell library contained the following spells:

 Spells                   Type           Power        Failure   Level  Hunger
 Fireball                 Conj/Fire      #####.....   14%         5    ######.
 Confuse                  Hex            #.......     36%         3    ###....
 Tukima's Dance           Hex            #.......     36%         3    ###....
 Ensorcelled Hibernation  Hex/Ice        #.....       21%         2    ##.....
 Corona                   Hex            #......      13%         1    None
 Inner Flame              Hex/Fire       ###.....     8%          3    ###....
 Dazzling Spray           Conj/Hex       ###...       9%          3    ###....

Inventory:

Hand Weapons
 q - a +2 quarterstaff of chaos (weapon)
 y - a +0 flail of crushing
Missiles
 d - a throwing net {=f}
Armour
 a - a +0 robe (worn)
 k - a +0 pair of gloves (worn)
 l - a cursed +0 leather armour
 n - a +2 cloak of magic resistance (worn)
 s - a +0 helmet (worn)
Jewellery
 h - an amulet of magic regeneration (around neck)
Scrolls
 f - 2 scrolls of fear
 g - a scroll of identify {@r1}
 v - a scroll of remove curse
Potions
 b - a potion of brilliance
 e - a potion of flight {unknown}
 m - 3 potions of heal wounds {@q2}
 o - 2 potions of ambrosia {unknown}
 p - a potion of berserk rage {!q}
 r - 2 potions of haste {@q3}
 t - a potion of might
 u - a potion of curing {unknown}
 w - 2 potions of mutation {!q}
 z - 2 potions of invisibility
 A - a potion of agility
Comestibles
 c - 8 rations
 i - 7 chunks of flesh

Dungeon Overview and Level Annotations

Branches:
Dungeon (6/15)             Temple (0/1) D:5

Altars:
Cheibriados
Makhleb
Nemelex Xobeh
Wu Jian

Annotations:
D:3 Pikel

▒.▒.▒▒ .......▒ .▒
▒....▒▒▒.......▒ ..▒
▒.....▒▒....... ..▒ .......▒..
.... ▒.▒ ▒▒......... ..▒ ▒.▒
▒........)▒ ▒.▒ ▒.▒
▒.<.......▒▒▒▒.▒▒▒▒▒▒▒.▒▒▒▒▒▒▒
▒(..................▒▒.......▒
▒.......†.B((▒e▒.....▒.▒▒▒▒▒.▒▒
▒..?.....▒▒▒.▒(▒.<.....▒▒▒▒▒.▒▒
▒............†.▒.....▒.▒▒.....▒
........▒▒▒▒c▒▒▒▒...▒▒.▒▒.▒▒...
▒▒▒▒.▒▒▒▒ ▒.▒ ▒▒▒▒▒▒.▒▒.▒▒..▒
▒.▒ ▒.▒ ▒.......▒▒ ▒.▒
▒....▒▒▒▒▒ ▒...▒ ▒.▒▒ ▒...▒ .▒


You could see a centaur.


Message History

The worker ant is almost dead.
The worker ant barely misses you.
Cast which spell? (? or * to list)
Aiming: Flame Tongue (safe; 1% risk of failure)
Press: ? - help, Shift-Dir - straight line, f/p - worker ant
Aim: a worker ant (almost dead)
The flame tongue hits the worker ant.
You kill the worker ant!
Cast which spell? (? or * to list)
Aiming: Flame Tongue (safe; 1% risk of failure)
Press: ? - help, Shift-Dir - straight line, f - howler monkey
Aim: a howler monkey (lightly wounded)
The flame tongue hits the howler monkey.
The howler monkey is severely wounded.
The howler monkey hits you.
* * * LOW HITPOINT WARNING * * *
The howler monkey hoots and howls with incredible vigour!
You hear an angry hiss.
Cast which spell? (? or * to list)
Aiming: Flame Tongue (safe; 1% risk of failure)
Press: ? - help, Shift-Dir - straight line, f/p - howler monkey
Aim: a howler monkey (severely wounded, catching its breath)
The flame tongue hits the howler monkey.
You kill the howler monkey!
The centaur shoots an arrow.
The arrow hits you!
* * * LOW HITPOINT WARNING * * *
The centaur shoots an arrow.
The arrow hits you!
You die...

Action                   |  1- 3 |  4- 6 |  7- 9 || total
-------------------------+-------+-------+-------++-------
Melee: Whip              |    10 |       |       ||    10
       Quarterstaff      |       |     5 |    14 ||    19
       Flail             |       |     1 |       ||     1
 Cast: Flame Tongue      |    55 |    72 |    45 ||   172
       Throw Flame       |     7 |    44 |    19 ||    70
       Conjure Flame     |     1 |     5 |     1 ||     7
       Sticky Flame      |       |       |     3 ||     3
  Use: Scroll            |       |       |    15 ||    15
 Stab: Sleeping          |     3 |     1 |       ||     4
  Eat: Chunk             |     2 |     5 |     5 ||    12
       Ration            |       |     1 |       ||     1
Armor: Robe              |     4 |    10 |    16 ||    30
Dodge: Dodged            |    20 |    23 |    16 ||    59

Vault maps used:
D:1:      dpeg_chamrin_arrival_tetris, kennysheep_pointless_box
D:2:      lemuel_doored_altar, uniq_crazy_yiuf_cottage
D:3:      old_standard_altar, first_ration, uniq_robin
D:4:      uniq_menkaure, uniq_edmund, uniq_pikel
D:5:      nemelex_xobeh_ov_fountains_minmay, cheibrodos_worm_habitat,
          minmay_temple_entry_from_below_a
D:6:      basic_altar, uniq_blork_the_orc

Notes
Turn   | Place    | Note
-------+----------+-------------------------------------------
     0 | D:1      | HaroldButt the Deep Elf Fire Elementalist began the quest for the Orb.
     0 | D:1      | Reached XP level 1. HP: 10/10 MP: 6/6
   426 | D:1      | Reached XP level 2. HP: 14/15 MP: 5/8
   430 | D:1      | Learned a level 2 spell: Throw Flame
   438 | D:1      | Reached skill level 4 in Fire Magic
  1043 | D:2      | Reached XP level 3. HP: 15/19 MP: 4/9
  1048 | D:2      | Learned a level 3 spell: Conjure Flame
  1149 | D:2      | Found an ornate altar of the Wu Jian Council.
  1381 | D:2      | Found a runed door.
  1385 | D:2      | Noticed Crazy Yiuf
  1394 | D:2      | Killed Crazy Yiuf
  1394 | D:2      | Reached skill level 5 in Fire Magic
  1464 | D:3      | Noticed Robin
  1474 | D:3      | Reached XP level 4. HP: 18/24 MP: 4/10
  1478 | D:3      | Killed Robin
  1690 | D:3      | Found a burning altar of Makhleb.
  2092 | D:3      | Reached skill level 6 in Fire Magic
  2326 | D:4      | Noticed Edmund
  2462 | D:4      | Noticed Menkaure
  2466 | D:4      | Killed Menkaure
  2466 | D:4      | Reached skill level 7 in Fire Magic
  2466 | D:4      | Reached XP level 5. HP: 28/28 MP: 3/11
  2468 | D:4      | Noticed a slave
  2484 | D:3      | Reached XP level 6. HP: 26/32 MP: 0/12
  2509 | D:3      | Killed a slave
  2676 | D:4      | Noticed Pikel
  2677 | D:4      | Noticed a slave
  2677 | D:4      | Noticed a slave
  3140 | D:4      | Killed Edmund
  3140 | D:4      | Reached skill level 8 in Fire Magic
  3193 | D:4      | Reached skill level 2 in Conjurations
  3217 | D:4      | Learned a level 4 spell: Sticky Flame
  3265 | D:4      | Killed a slave
  3375 | D:4      | Noticed a slave
  3391 | D:4      | Killed a slave
  3447 | D:4      | Reached skill level 3 in Conjurations
  3447 | D:4      | Reached XP level 7. HP: 28/36 MP: 7/13
  3480 | D:4      | Reached skill level 4 in Conjurations
  3674 | D:5      | Entered Level 5 of the Dungeon
  3678 | D:5      | Reached skill level 5 in Conjurations
  3882 | D:5      | Reached skill level 6 in Conjurations
  3924 | D:5      | Found a snail-covered altar of Cheibriados.
  3998 | D:5      | Found a sparkling altar of Nemelex Xobeh.
  4431 | D:6      | Noticed Blork the orc
  4449 | D:6      | Killed Blork the orc
  4449 | D:6      | Reached XP level 8. HP: 28/41 MP: 6/14
  4491 | D:6      | Reached skill level 7 in Conjurations
  4600 | D:6      | Shot with an arrow by a centaur

Vanquished Creatures
  Edmund (D:4)
  Menkaure (D:4)
  4 slaves
  2 ogres
  A centaur (D:6)
  Blork the orc (D:6)
  A bullfrog (D:6)
  2 scorpions (D:4)
  A howler monkey (D:6)
  A crimson imp (D:5)
  A jelly (D:6)
  A hound (D:5)
  Crazy Yiuf (D:2)
  An iguana (D:4)
  4 worker ants
  A hound skeleton (D:5)
  Robin (D:3)
  A worker ant zombie (D:4)
  4 gnolls (D:4)
  3 adders
  2 worms (D:5)
  2 dart slugs
  3 leopard geckos
  An orc (D:4)
  2 ball pythons
  4 giant cockroaches
  9 goblins
  10 hobgoblins (D:3)
  5 jackals
  A quokka (D:4)
  3 bats
  6 frilled lizards
  15 kobolds
  6 rats
102 creatures vanquished.
